Map: King's Cove LE

Players

SpeCial

  • Race: Terran Terran
  • Spawn Location: 11:00

Reynor - Winner!

  • Race: Zerg Zerg
  • Spawn Location: 5:00

Event: 2019 WCS Summer

VOD

Have the link to the VOD?

Description

Time

  • Played on: July 14, 2019, 8:33 a.m.
  • Length: 33:22

All games in this series

Show
View Real Time Build Order
Export as new Build Order

SpeCial Terran 

Build Orders:  

Get SALT Encoding   

  12  0:00  SCV  
  13  0:12  SCV  
  14  0:18  Supply Depot  
  14  0:25  SCV  
  15  0:42  Barracks  
  15  0:53  Barracks  
  15  0:55  SCV  
  16  1:03  Refinery  
  16  1:07  SCV  
  17  1:19  SCV  
  18  1:28  Marine  
  19  1:32  Orbital Command  
  19  1:41  Bunker  
  19  1:42  Marine  
  19  1:46  Marine  
  21  1:50  Supply Depot  
  21  2:00  Reaper  
  22  2:03  SCV  
  23  2:13  Reaper  
  24  2:15  SCV  
  25  2:27  SCV  
  26  2:33  Reaper  
  27  2:40  SCV  
  28  2:45  Reaper  
  28  2:49  Command Center  
  29  2:52  SCV  
  28  3:06  SCV  
  29  3:16  Refinery  
  29  3:17  Command Center  
  29  3:18  SCV  
  29  3:32  Factory  
  29  3:33  SCV  
  30  3:38  Bunker  
  30  3:45  SCV  
  31  3:57  Factory  
  31  4:01  SCV  
  32  4:04  Orbital Command  
  32  4:11  Supply Depot  
  32  4:13  SCV  
  32  4:16  Factory Reactor  
  33  4:22  Factory  
  33  4:25  SCV  
  33  4:30  SCV  
  36  4:31  Orbital Command  
  36  4:37  SCV  
  36  4:43  Factory Tech Lab  
  36  4:44  SCV  
  37  4:49  SCV  
  38  4:53  Hellion x2  
  38  4:56  SCV  
  43  5:01  SCV  
  43  5:02  Supply Depot, SCV, Hellion, Infernal Pre-Igniter  
  47  5:08  SCV  
  47  5:13  Factory Tech Lab  
  48  5:14  SCV  
  48  5:15  SCV  
  48  5:17  Hellion x2  
  48  5:20  Refinery x2  
  54  5:24  Orbital Command  
  54  5:29  Cyclone  
  54  5:31  SCV x2  
  54  5:32  Supply Depot  
  59  5:37  Cyclone  
  62  5:43  SCV  
  62  5:44  SCV  
  62  5:45  Hellion  
  62  5:46  Hellion  
  68  5:50  SCV  
  68  5:55  SCV, Supply Depot  
  68  5:56  SCV  
  71  6:02  SCV  
  68  6:07  SCV  
  68  6:08  SCV  
  68  6:10  Cyclone x2, Hellion x2  
  76  6:14  SCV  
  77  6:19  SCV  
  77  6:20  SCV  
  77  6:23  Armory x2  
  79  6:27  SCV  
  79  6:29  Refinery  
  79  6:30  Refinery  
  79  6:31  SCV  
  79  6:32  SCV  
  82  6:33  Supply Depot  
  82  6:36  Hellion  
  82  6:39  SCV, Hellion  
  86  6:43  SCV  
  86  6:45  SCV  
  86  6:46  Supply Depot  
  88  6:47  Cyclone  
  88  6:51  SCV  
  92  6:55  SCV, Cyclone  
  96  7:03  SCV  
  96  7:05  Factory  
  96  7:06  Factory  
  96  7:07  SCV  
  98  7:11  Hellion x2  
  98  7:12  SCV  
  98  7:15  SCV  
  104  7:18  Terran Vehicle And Ship Armor Level 1, Terran Vehicle Weapons Level 1  
  104  7:21  SCV  
  105  7:24  SCV, Mag-Field Accelerator  
  105  7:28  Supply Depot  
  105  7:29  Cyclone  
  109  7:36  Supply Depot  
  109  7:37  Supply Depot  
  109  7:39  Supply Depot  
  109  7:44  Hellion  
  109  7:50  Hellion, SCV x3, Cyclone  
  109  7:51  Supply Depot  
  117  7:54  Factory Tech Lab, Factory Reactor  
  113  8:02  SCV x2  
  115  8:06  Hellion  
  115  8:10  SCV  
  115  8:11  Hellion  
  112  8:18  Siege Tank  
  115  8:21  Command Center  
  115  8:27  Hellion  
  115  8:33  Hellion  
  109  8:34  SCV  
  109  8:37  Siege Tank x2, Hellion x2  
  120  8:42  Supply Depot  
  120  8:44  Supply Depot  
  122  8:48  Hellion  
  122  8:53  Factory  
  122  8:54  Hellion  
  122  8:55  Factory  
  124  8:56  Siege Tank  
  124  8:58  Hellion x2  
  131  9:05  Supply Depot  
  131  9:07  SCV x3  
  136  9:10  Hellion  
  136  9:15  Hellion  
  126  9:25  Siege Tank, Hellion x3  
  126  9:28  Siege Tank, SCV x3  
  141  9:37  Factory Tech Lab, Hellion x2  
  145  9:39  Factory Tech Lab  
  145  9:41  Terran Vehicle And Ship Armor Level 2  
  145  9:43  Orbital Command  
  145  9:46  Hellion x2  
  145  9:48  Siege Tank  
  145  9:50  Refinery  
  152  9:53  SCV x2  
  152  9:57  Siege Tank  
  152  9:58  Hellion x2  
  160  10:01  Hellion  
  160  10:02  Refinery  
  160  10:05  SCV  
  162  10:11  Armory  
  162  10:12  Hellion x2  
  162  10:13  Cyclone x2  
  169  10:17  SCV  
  169  10:18  SCV x2  
  172  10:21  Supply Depot  
  172  10:24  Engineering Bay  
  169  10:39  Cyclone x3, Hellion x4  
  186  10:45  SCV, Cyclone  
  186  10:47  Engineering Bay  
  190  10:53  Command Center  
  175  11:00  Hellion x2  
  175  11:01  Terran Vehicle Weapons Level 2  
  159  11:06  Hellion  
  159  11:07  Hellion x2  
  165  11:11  Cyclone x2  
  165  11:14  Planetary Fortress  
  168  11:22  Hellion  
  170  11:28  Siege Tank x2, Hellion x2  
  180  11:33  Missile Turret  
  180  11:36  Hellion  
  182  11:43  Hellion  
  184  11:49  Hellion x3  
  184  11:54  Siege Tank  
  191  12:00  Siege Tank  
  192  12:04  Hellion  
  192  12:07  Hellion  
  191  12:10  Hellion  
  191  12:13  Hellion x2, Cyclone  
  178  12:17  Hellion  
  174  12:26  Hellion, Cyclone  
  174  12:29  Hellion  
  177  12:31  Hellion  
  177  12:32  Cyclone  
  177  12:34  Cyclone  
  177  12:35  Hellion  
  175  12:38  Cyclone  
  178  12:45  Hellion  
  178  12:47  Hellion  
  178  12:50  Hellion  
  172  12:56  SCV x3  
  172  12:58  Hellion, Cyclone  
  171  12:59  Hellion  
  171  13:04  Cyclone  
  176  13:07  Hellion x2  
  176  13:09  Hellion  
  176  13:10  Cyclone  
  182  13:20  Hellion  
  182  13:21  Hellion  
  182  13:26  Terran Vehicle Weapons Level 3  
  186  13:28  Cyclone x2  
  186  13:31  Terran Vehicle And Ship Armor Level 3  
  192  13:34  Hellion  
  192  13:38  Hellion  
  192  13:39  Hellion  
  192  13:44  Siege Tank  
  192  13:45  Siege Tank  
  194  14:00  Siege Tank  
  194  14:05  Hellion  
  194  14:07  Hellion x2  
  200  14:14  Siege Tank  
  198  14:22  Siege Tank  
  198  14:23  Siege Tank, Hellion x2  
  195  14:26  Hellion  
  195  14:28  Hellion  
  195  14:29  Hellion  
  184  14:36  Command Center, Hellion  
  169  14:44  Hellion, Cyclone, Planetary Fortress  
  155  14:46  Hellion  
  155  14:49  Hellion  
  153  14:55  Cyclone  
  157  15:00  Hellion x2  
  157  15:01  Cyclone  
  158  15:12  Siege Tank x2  
  158  15:13  Hellion  
  161  15:16  Hellion  
  141  15:23  Hellion  
  141  15:24  Hellion  
  141  15:25  Cyclone  
  139  15:32  Hellion  
  139  15:33  Hellion  
  140  15:35  SCV  
  140  15:40  Hellion  
  142  15:43  Hellion  
  142  15:44  Cyclone  
  147  15:55  Cyclone, Hellion x2  
  144  16:01  Hellion x2  
  144  16:02  Cyclone  
  151  16:11  Hellion  
  153  16:16  Siege Tank  
  153  16:18  Planetary Fortress  
  156  16:20  Hellion  
  156  16:22  Cyclone  
  157  16:28  Cyclone, Hellion x2  
  164  16:35  Siege Tank  
  164  16:36  Hellion  
  164  16:39  Hellion  
  171  16:45  Hellion  
  171  16:48  Siege Tank  
  171  16:52  Hellion x2  
  181  17:03  Hellion  
  182  17:23  Thor  
  182  17:24  Thor x3  
  182  17:25  Thor  
  182  17:27  Hellion  
  194  17:35  Hellion  
  191  17:42  SCV  
  192  17:48  Starport  
  192  17:49  Starport  
  192  17:50  Hellion  
  192  17:56  Refinery  
  192  17:59  Refinery  
  192  18:00  Refinery  
  192  18:01  Starport  
  192  18:06  Thor  
  190  18:30  Thor  
  190  18:31  Hellion  
  194  18:37  Hellion x3  
  180  18:42  Thor x2  
  180  18:43  Hellion  
  180  18:47  Viking x3  
  172  18:50  Hellion  
  157  19:00  SCV x2  
  147  19:10  Cyclone  
  147  19:12  SCV  
  147  19:15  SCV  
  147  19:16  Orbital Command  
  152  19:17  Viking x3  
  152  19:20  Cyclone  
  161  19:24  SCV  
  161  19:25  Hellion  
  161  19:27  SCV  
  163  19:35  Hellion x2, Cyclone  
  163  19:36  SCV  
  161  19:39  SCV  
  161  19:44  SCV  
  163  19:50  Starport Reactor x2  
  163  19:51  Starport Reactor  
  163  20:03  SCV  
  164  20:14  Siege Tank x3  
  174  20:15  Siege Tank  
  176  20:24  Command Center  
  176  20:32  Orbital Command, Sensor Tower  
  175  20:39  Hellion x2  
  176  20:47  SCV x2  
  176  20:49  Hellion x2  
  150  20:58  Cyclone x2, Hellion x3  
  150  21:03  Hellion x2  
  159  21:04  Viking  
  159  21:10  SCV, Hellion x2  
  159  21:11  SCV x2  
  166  21:15  Command Center  
  166  21:18  Viking  
  166  21:22  Viking  
  166  21:23  SCV  
  166  21:24  Hellion  
  173  21:26  Viking  
  173  21:28  Viking  
  173  21:32  Hellion  
  179  21:33  Cyclone  
  179  21:35  Cyclone  
  179  21:38  SCV x2  
  187  21:50  Command Center  
  187  21:53  Sensor Tower  
  187  21:56  Hellion x3  
  193  22:04  Cyclone  
  194  22:11  Cyclone  
  192  22:18  Orbital Command  
  183  22:23  Hellion x5  
  183  22:26  Cyclone  
  186  22:38  SCV x2, Fusion Core  
  189  22:46  Starport Tech Lab  
  189  22:51  Barracks  
  188  22:54  Hellion x2  
  188  22:57  Hellion  
  194  23:02  Hellion  
  194  23:03  Liberator x2, Hellion, Cyclone  
  194  23:04  Cyclone  
  199  23:07  Smart Servos  
  199  23:33  SCV  
  200  23:39  Advanced Ballistics  
  200  23:45  Orbital Command  
  200  23:46  Orbital Command  
  200  23:55  Liberator x3  
  200  23:56  Liberator  
  200  23:58  Liberator  
  200  24:00  Hellion  
  188  24:07  Cyclone, Hellion  
  188  24:08  Hellion, Cyclone  
  180  24:10  SCV x4  
  180  24:11  SCV  
  200  24:35  Orbital Command  
  200  24:42  Terran Ship Weapons Level 1  
  200  24:46  Missile Turret  
  191  25:08  Hellion x4  
  191  25:11  Cyclone x2  
  199  25:16  Hellion x3  
  199  25:17  Command Center  
  199  25:19  Command Center  
  199  25:20  Command Center  
  199  25:24  SCV  
  199  25:27  Missile Turret  
  200  25:42  Liberator  
  200  25:45  Liberator x2  
  200  25:52  Liberator x2  
  194  26:06  Hellion x2, Cyclone  
  194  26:07  Hellbat  
  197  26:17  Hellion x2  
  179  26:19  Hellion, Cyclone x2  
  179  26:24  SCV x3  
  179  26:25  SCV x2  
  186  26:28  Hellion  
  186  26:30  Orbital Command x2  
  186  26:32  Orbital Command  
  188  26:36  SCV x2  
  188  26:37  Terran Ship Weapons Level 2  
  188  26:38  Thor  
  193  26:40  Cyclone, Hellion x2  
  200  26:54  Thor  
  200  26:55  Hellbat  
  200  27:00  Viking x2  
  200  27:01  Viking  
  199  27:05  Viking  
  194  27:09  Viking  
  194  27:18  Thor  
  190  27:26  Hellion  
  190  27:28  Thor  
  196  27:30  Viking x2  
  196  27:33  Viking  
  198  27:41  Thor  
  195  27:46  Viking x2  
  195  27:49  Orbital Command  
  195  27:50  Orbital Command  
  187  28:00  Viking  
  187  28:03  Viking  
  189  28:05  Viking  
  189  28:12  Hellion  
  188  28:16  Viking  
  174  28:21  Orbital Command  
  174  28:23  Thor  
  164  28:30  Viking  
  164  28:32  Orbital Command, Hellion  
  135  28:35  Viking  
  135  28:37  Cyclone, Hellion  
  105  28:52  Hellion x2  
  105  28:53  Hellion  
  111  28:56  SCV x2  
  111  28:57  SCV  
  111  28:58  SCV  
  116  29:04  Hellion  
  119  29:11  Siege Tank x2  
  119  29:13  Hellion  
  119  29:14  Hellion  
  127  29:17  Hellion  
  126  29:24  Siege Tank x2  
  126  29:25  Hellion  
  126  29:27  Siege Tank  
  126  29:29  SCV  
  126  29:30  Orbital Command  
  139  29:31  SCV  
  122  29:56  Hellion x2  
  122  29:57  Hellion x4  
  134  30:05  Refinery  
  134  30:06  Refinery  
  130  30:11  Hellion  
  130  30:13  Refinery  
  126  30:18  Cyclone  
  126  30:19  Hellion  
  126  30:20  Hellion  
  133  30:26  Hellion x2  
  137  30:33  Cyclone  
  140  30:40  Refinery  
  136  30:53  Cyclone, Hellion x2  
  141  30:58  SCV  
  141  30:59  SCV x2  
  141  31:02  Missile Turret, Hellion  
  146  31:05  Hellion  
  148  31:12  Siege Tank  
  148  31:15  Hellion  
  148  31:16  Hellion  
  147  31:19  Siege Tank  
  147  31:23  Siege Tank, Hellion  
  149  31:34  Orbital Command  
  149  31:38  Siege Tank  
  149  31:39  Hellion  
  150  31:40  Hellion  
  150  31:43  Hellion, Cyclone  
  150  31:46  Hellion  
  142  31:54  Siege Tank  
  143  31:55  Hellion x2  
  147  32:11  Hellion x2  
  149  32:17  Hellion  
  149  32:18  Siege Tank  
  154  32:35  Hellion x2  
  154  32:36  Siege Tank  
  153  32:37  SCV x3  
  153  32:40  Hellion  
  157  32:48  Cyclone  
Show
View Real Time Build Order
Export as new Build Order

Reynor Zerg - Winner!

Build Orders: Hatch First, Swarm Host 

Get SALT Encoding   

  12  0:00  Drone  
  13  0:12  Overlord  
  13  0:17  Drone  
  14  0:32  Drone x2  
  16  0:50  Hatchery  
  16  0:52  Drone  
  16  0:56  Drone  
  17  1:00  Drone  
  18  1:09  Extractor  
  17  1:14  Spawning Pool  
  16  1:19  Drone  
  16  1:21  Drone  
  18  1:28  Drone  
  19  1:39  Drone  
  20  2:01  Zergling x2  
  20  2:02  Zergling x4, Queen  
  20  2:07  Queen  
  26  2:11  Zergling x2  
  26  2:13  Zergling x2  
  28  2:21  Spine Crawler  
  28  2:22  Zergling x2  
  28  2:28  Zergling x2, Extractor  
  29  2:32  Overlord  
  29  2:45  Overlord  
  29  2:51  Zergling x4  
  29  2:55  Queen  
  29  2:56  Zergling x4  
  34  3:05  Drone  
  32  3:06  Drone  
  32  3:10  Drone x2  
  34  3:16  Zergling x2  
  34  3:19  Drone x2  
  37  3:26  Overlord  
  37  3:31  Metabolic Boost  
  37  3:34  Drone  
  38  3:39  Drone  
  38  3:40  Drone  
  40  3:49  Drone x4  
  40  3:54  Drone  
  45  4:01  Drone  
  45  4:04  Drone x4  
  49  4:11  Overlord  
  49  4:16  Zergling x6  
  52  4:23  Overlord  
  52  4:29  Zergling x2  
  52  4:30  Zergling x2  
  54  4:39  Drone  
  54  4:42  Zergling x2  
  54  4:45  Hatchery  
  55  4:47  Drone x3  
  55  4:48  Drone x3  
  55  4:52  Queen  
  63  4:54  Overlord  
  63  4:58  Drone  
  64  5:02  Evolution Chamber  
  64  5:03  Drone  
  64  5:07  Zergling x2  
  64  5:13  Drone x5  
  69  5:17  Queen  
  71  5:23  Overlord  
  71  5:24  Drone x2  
  71  5:27  Drone  
  71  5:28  Queen  
  76  5:33  Zerg Ground Armor Level 1  
  76  5:36  Overlord  
  76  5:41  Extractor  
  76  5:42  Drone x3  
  77  5:43  Drone  
  77  5:46  Drone  
  77  5:49  Drone  
  80  5:52  Drone  
  80  5:54  Roach Warren  
  78  5:59  Zergling x2  
  78  6:01  Zergling x2  
  78  6:02  Zergling x2  
  76  6:09  Zergling x2  
  72  6:11  Drone x2  
  72  6:12  Drone x2  
  72  6:14  Drone, Lair, Extractor  
  72  6:17  Queen  
  78  6:19  Drone  
  78  6:22  Drone  
  78  6:23  Drone x2  
  78  6:24  Drone  
  78  6:25  Drone  
  84  6:29  Drone, Extractor  
  84  6:31  Evolution Chamber  
  83  6:37  Hatchery, Overlord  
  82  6:40  Drone x5  
  82  6:42  Extractor  
  82  6:44  Extractor, Spore Crawler  
  84  6:49  Spore Crawler  
  84  6:50  Overlord  
  84  6:52  Roach x3  
  84  6:53  Roach  
  92  6:57  Baneling Nest  
  92  6:58  Roach  
  93  7:01  Roach  
  93  7:02  Roach  
  93  7:03  Roach  
  93  7:05  Roach x2  
  103  7:09  Zerg Melee Weapons Level 1  
  103  7:13  Overlord  
  103  7:19  Overlord  
  100  7:24  Overlord x2  
  100  7:29  Overlord  
  99  7:33  Zergling x14  
  99  7:35  Drone  
  105  7:38  Infestation Pit  
  105  7:40  Zergling x4, Overseer, Roach x2  
  108  7:45  Zergling x2, Centrifical Hooks  
  108  7:49  Roach x2  
  107  7:52  Baneling  
  107  7:53  Baneling x10  
  107  7:55  Roach  
  109  7:59  Drone x4  
  101  8:15  Roach x9  
  115  8:25  Zergling x4  
  115  8:26  Zergling x8  
  116  8:31  Drone x2  
  116  8:33  Zergling x2  
  114  8:36  Drone  
  116  8:41  Drone x2  
  116  8:43  Zergling x2  
  116  8:44  Queen  
  116  8:46  Baneling x12  
  120  8:48  Drone  
  120  8:50  Extractor  
  120  8:51  Extractor  
  120  8:53  Drone x3  
  120  8:54  Nydus Network  
  120  8:56  Overseer  
  120  8:59  Overlord  
  120  9:00  Zerg Missile Weapons Level 1  
  120  9:04  Swarm Host x3  
  120  9:07  Swarm Host  
  132  9:11  Zergling x2  
  132  9:12  Zergling x6  
  132  9:14  Overlord  
  136  9:19  Swarm Host x3  
  141  9:24  Glial Reconstitution, Overseer  
  141  9:26  Overlord  
  141  9:31  Nydus Canal  
  141  9:33  Swarm Host x2  
  147  9:39  Swarm Host  
  147  9:41  Drone  
  147  9:43  Overlord  
  147  9:45  Swarm Host x2  
  157  9:55  Overlord  
  157  10:03  Swarm Host x2  
  157  10:04  Swarm Host  
  157  10:06  Burrow  
  166  10:08  Nydus Canal, Overlord  
  166  10:10  Hatchery  
  166  10:13  Drone x2  
  166  10:14  Drone x7  
  172  10:21  Baneling x8  
  174  10:22  Zergling x4  
  174  10:23  Overlord  
  174  10:24  Hive  
  176  10:32  Overlord  
  176  10:38  Zergling x16  
  176  10:41  Zerg Melee Weapons Level 2  
  176  10:42  Spire  
  183  10:44  Zergling x18  
  183  10:46  Nydus Canal  
  183  10:49  Overlord x2  
  186  10:58  Zergling x14, Roach x2  
  193  11:05  Overseer, Nydus Canal  
  193  11:07  Ravager x7  
  193  11:10  Baneling x3  
  200  11:14  Nydus Canal  
  200  11:27  Nydus Canal  
  200  11:29  Baneling x10  
  195  11:40  Zergling x8  
  196  11:47  Zergling x8  
  196  11:48  Zergling x2  
  196  11:53  Zergling x24  
  199  11:57  Zergling x6, Roach x2  
  199  11:58  Zergling x2  
  200  12:03  Zergling x2  
  200  12:04  Zergling x8  
  200  12:08  Roach x2  
  190  12:09  Roach x2  
  190  12:11  Zergling x2  
  190  12:13  Baneling x8  
  186  12:19  Roach  
  184  12:23  Roach x3  
  184  12:25  Roach x5  
  184  12:27  Roach  
  186  12:31  Roach  
  186  12:34  Roach  
  186  12:35  Roach x2  
  184  12:42  Roach  
  184  12:43  Roach  
  172  12:45  Roach x2  
  172  12:47  Greater Spire  
  172  12:50  Roach x3  
  167  12:51  Infestor x3  
  167  12:53  Zergling x2, Roach x4  
  167  12:54  Pneumatized Carapace  
  182  13:00  Zergling x4  
  182  13:03  Nydus Canal  
  180  13:07  Zergling x8, Queen  
  180  13:09  Zergling x6  
  181  13:16  Zergling x4  
  181  13:17  Baneling x2  
  181  13:19  Zergling x4  
  185  13:21  Baneling x4  
  185  13:25  Baneling x8  
  185  13:26  Zergling x2, Drone x7  
  193  13:30  Hatchery  
  192  13:36  Zergling x6  
  192  13:38  Roach  
  191  13:41  Zergling x6  
  193  13:49  Ravager x2  
  193  13:50  Ravager  
  193  13:52  Zergling x6  
  191  14:19  Zergling x24  
  184  14:28  Zergling x10, Roach x3  
  184  14:30  Roach  
  186  14:34  Roach x2  
  169  14:40  Roach x2  
  169  14:42  Roach x2  
  169  14:43  Adrenal Glands  
  157  14:46  Roach x2  
  157  14:52  Baneling x12  
  153  14:54  Zergling x2, Roach x3  
  153  14:56  Roach  
  144  15:03  Corruptor x3  
  149  15:18  Corruptor x5  
  150  15:21  Zergling x8  
  150  15:22  Roach x13  
  150  15:26  Drone  
  150  15:27  Drone x3  
  157  15:30  Queen  
  159  15:39  Drone x9, Brood Lord x2  
  153  15:50  Drone x5  
  155  15:59  Nydus Canal  
  155  16:00  Infestor  
  155  16:01  Infestor  
  155  16:03  Drone x3  
  159  16:06  Brood Lord  
  161  16:33  Brood Lord x2  
  161  16:34  Brood Lord x2  
  161  16:36  Extractor  
  161  16:37  Extractor  
  167  16:50  Brood Lord  
  167  16:51  Hatchery  
  167  16:53  Nydus Canal  
  168  16:55  Zergling x12  
  168  16:56  Zergling x6  
  168  16:59  Drone x2  
  168  17:00  Drone  
  180  17:05  Ravager x2  
  182  17:13  Nydus Canal  
  157  17:36  Hatchery  
  152  17:39  Zerg Missile Weapons Level 2  
  152  17:42  Infestor x2  
  154  17:45  Drone x7  
  161  18:01  Infestor  
  163  18:07  Drone x3  
  163  18:08  Drone x2  
  168  18:14  Nydus Canal  
  157  18:28  Zergling x8, Roach x4  
  157  18:45  Hatchery  
  157  18:48  Hatchery  
  148  18:58  Infestor x2  
  150  19:10  Drone x3  
  150  19:12  Nydus Canal  
  153  19:18  Infestor  
  153  19:21  Drone  
  154  19:37  Infestor x3  
  160  19:50  Neural Parasite  
  160  19:57  Drone x8  
  160  19:58  Drone x2  
  160  19:59  Nydus Canal  
  170  20:06  Nydus Canal  
  170  20:09  Ravager x2  
  170  20:14  Zergling x12  
  178  20:33  Roach x4  
  186  20:38  Infestor x2  
  184  20:48  Zergling x24  
  193  20:51  Queen  
  193  21:02  Infestor  
  193  21:04  Zergling x10  
  178  21:06  Corruptor  
  181  21:14  Ravager x2  
  183  21:20  Corruptor  
  183  21:25  Drone x6  
  191  21:39  Nydus Canal  
  191  21:43  Brood Lord  
  191  21:46  Drone  
  194  21:48  Infestor x12  
  194  21:49  Infestor x2  
  194  21:51  Brood Lord  
  195  21:56  Hatchery  
  194  22:10  Infestor x2  
  190  22:28  Corruptor x3  
  190  22:29  Corruptor  
  198  22:39  Roach  
  198  22:40  Hatchery  
  199  22:46  Zerg Flyer Weapons Level 1  
  195  23:00  Zergling x10  
  195  23:01  Zergling x4  
  197  23:06  Brood Lord  
  197  23:08  Zergling x2  
  197  23:11  Spine Crawler x2  
  198  23:27  Spore Crawler  
  198  23:28  Nydus Canal  
  198  23:31  Zergling x2  
  198  23:32  Zergling x12  
  198  23:33  Zergling x2  
  199  23:41  Infestor  
  185  24:05  Brood Lord x3  
  185  24:07  Corruptor x3  
  197  24:17  Extractor x2  
  196  24:18  Drone x5  
  196  24:19  Spore Crawler  
  196  24:20  Spore Crawler  
  196  24:21  Spore Crawler  
  197  24:25  Infestor  
  199  24:35  Roach  
  199  24:40  Nydus Canal  
  199  24:46  Zergling x2  
  199  24:51  Spine Crawler  
  199  24:52  Spine Crawler x2  
  197  24:53  Spine Crawler  
  192  25:01  Drone, Corruptor x4  
  194  25:08  Drone x5  
  199  25:15  Drone  
  200  25:26  Nydus Canal  
  200  25:42  Hatchery  
  182  26:16  Corruptor x4  
  182  26:17  Corruptor  
  190  26:21  Zergling x18  
  190  26:25  Nydus Canal  
  199  26:39  Extractor  
  198  26:41  Spore Crawler  
  198  26:42  Baneling x4, Spore Crawler  
  198  26:43  Baneling x5  
  196  26:48  Infestor  
  195  27:04  Spire  
  195  27:08  Zergling x18  
  194  27:17  Infestor  
  194  27:18  Infestor  
  198  27:53  Spore Crawler  
  198  27:54  Infestor  
  198  27:55  Spore Crawler x2  
  190  28:09  Roach x6  
  181  28:31  Roach x10  
  173  28:41  Infestor x3  
  173  28:42  Infestor x2  
  173  28:43  Zergling x18  
  173  28:46  Ravager x4  
  192  28:50  Greater Spire  
  192  28:51  Roach  
  192  28:55  Drone  
  192  28:58  Ravager x3  
  196  29:08  Hatchery  
  195  29:11  Pathogen Glands  
  195  29:23  Swarm Host x2  
  189  29:28  Swarm Host  
  173  29:55  Swarm Host x4  
  185  30:03  Extractor  
  184  30:22  Zerg Ground Armor Level 2, Zerg Missile Weapons Level 3  
  184  30:24  Drone  
  184  30:25  Drone x14  
  199  30:31  Nydus Canal  
  199  30:45  Spine Crawler  
  199  30:47  Spore Crawler  
  189  30:50  Nydus Canal  
  189  30:55  Roach x5  
  199  31:06  Extractor  
  199  31:07  Spine Crawler  
  199  31:08  Spine Crawler  
  199  31:09  Corruptor  
  198  31:15  Nydus Canal  
  189  31:30  Nydus Canal  
  179  31:46  Roach x12  
  191  31:51  Drone x5  
  191  31:53  Drone x2  
  185  31:56  Drone  
  177  32:04  Drone  
  172  32:10  Nydus Canal  
  172  32:11  Drone  
  168  32:33  Drone x5  
  168  32:34  Drone  
  169  32:38  Drone  
  169  32:42  Drone  
  170  32:48  Drone  
  171  32:53  Roach x11  
Tags
 
Add a new tag
Caveats
  • Supply blocks, unpowered buildings, or Contaminate may cause inaccurate times.
  • Supply counts are checked every 10 seconds.